ABL
WESTS TIGERS @ SOUTH SYDNEY RABBITOHS
05/04/2022
 
TOP OF THE 1ST
Wests Tigers batting - Pitching for South Sydney Rabbitohs : RHP E.J. Gowenlock
Pitching: RHP E.J. Gowenlock
Batting: RHB Luke Fowke 0-0: Ball
1-0: Ball
2-0: Ground out 5-3 (Groundball, 56S, EV 92.5 MPH)
Batting: RHB Joel Farrell 0-0: Ball
1-0: Fly out, F5 (Line Drive, 5, EV 65.0 MPH)
Batting: LHB Greyson Leeder 0-0: Fly out, F8 (Flyball, 89M, EV 92.5 MPH)
Top of the 1st over - 0 runs, 0 hits, 0 errors, 0 left on base; Wests 0 - South Sydney 0
BOTTOM OF THE 1ST
South Sydney Rabbitohs batting - Pitching for Wests Tigers : RHP Joel Glover
Pitching: RHP Joel Glover
Batting: LHB Clint Soper 0-0: Ball
1-0: Called Strike
1-1: Ball
2-1: Ball
3-1: Swinging Strike
3-2: Foul Ball, location: 3F
3-2: Foul Ball, location: 3F
3-2: Base on Balls
Batting: RHB Ian Hogan 0-0: Foul Ball, location: 5FF
0-1: Ball
1-1: Ball
2-1: Called Strike
2-2: Fly out, F9 (Flyball, 9, EV 95.0 MPH)
Batting: RHB Kirby Hooley 0-0: Ball
1-0: Foul Ball, location: 3DF
1-1: Ball
2-1: Grounds out, U3 (Groundball, 3L, EV 89.4 MPH)
Batting: RHB Pete Vinson 0-0: Called Strike
0-1: SINGLE (Groundball, 6MD, EV 98.8 MPH)
Clint Soper to third
Runner from 3rd tries for Home, SAFE, throw by CF to home
Batting: RHB Michael Weyman 0-0: Swinging Strike
0-1: Ball
1-1: Foul Ball, location: 7LSF
1-2: Foul Ball, location: 25FF
1-2: Ball
2-2: Strikes out swinging
Bottom of the 1st over - 1 run, 1 hit, 0 errors, 1 left on base; Wests 0 - South Sydney 1
TOP OF THE 2ND
Wests Tigers batting - Pitching for South Sydney Rabbitohs : RHP E.J. Gowenlock
Batting: LHB Daniel Bryan 0-0: Called Strike
0-1: SINGLE (Groundball, 4MD, EV 106.3 MPH)
Batting: RHB Joe Minto 0-0: Called Strike
0-1: Ball
1-1: Called Strike
1-2: Fielders Choice at 2nd, 3-6 (Groundball, 34, EV 90.6 MPH)
Batting: LHB Rapata Kaulo 0-0: Foul Ball, location: 3SF
0-1: Called Strike
0-2: Ball
1-2: Ball
2-2: Ball
3-2: Fly out, F9 (Line Drive, 9, EV 87.5 MPH)
Batting: RHB Shane Esmond 0-0: Ball
1-0: Ball
2-0: Called Strike
2-1: Swinging Strike
2-2: Strikes out swinging
Top of the 2nd over - 0 runs, 1 hit, 0 errors, 1 left on base; Wests 0 - South Sydney 1
BOTTOM OF THE 2ND
South Sydney Rabbitohs batting - Pitching for Wests Tigers : RHP Joel Glover
Batting: RHB Arnie Bartelot 0-0: Fly out, F8 (Flyball, 8RXD, EV 110.0 MPH)
Batting: RHB Axel Winson 0-0: Called Strike
0-1: Ball
1-1: Ball
2-1: Swinging Strike
2-2: Foul Ball, location: 5F
2-2: Ball
3-2: Fly out, F8 (Flyball, 8RS, EV 93.1 MPH)
Batting: RHB Oliver Trick 0-0: Ball
1-0: Ball
2-0: Called Strike
2-1: Foul Ball, location: 9LSF
2-2: Ball
3-2: Base on Balls
Batting: RHB E.J. Gowenlock 0-0: Foul Ball, location: 2F
0-1: Fly out, F8 (Flyball, 89M, EV 93.1 MPH)
Bottom of the 2nd over - 0 runs, 0 hits, 0 errors, 1 left on base; Wests 0 - South Sydney 1
TOP OF THE 3RD
Wests Tigers batting - Pitching for South Sydney Rabbitohs : RHP E.J. Gowenlock
Batting: RHB Paul Llewellyn 0-0: Fly out, F3 (Popup, 3SF, EV 77.5 MPH)
Batting: RHB Joel Glover 0-0: Foul Ball, location: 25F
0-1: Foul Ball, location: 2F
0-2: Ball
1-2: Strikes out looking
Batting: RHB Luke Fowke 0-0: Called Strike
0-1: Ball
1-1: Ball
2-1: Foul Ball, location: 2F
2-2: Foul Ball, location: 2F
2-2: Ball
3-2: Foul Ball, location: 2LF
3-2: Fly out, F4 (Popup, 34D, EV 49.4 MPH)
Top of the 3rd over - 0 runs, 0 hits, 0 errors, 0 left on base; Wests 0 - South Sydney 1
BOTTOM OF THE 3RD
South Sydney Rabbitohs batting - Pitching for Wests Tigers : RHP Joel Glover
Batting: LHB Clint Soper 0-0: Foul Ball, location: 7LSF
0-1: Ball
1-1: Called Strike
1-2: Foul Ball, location: 3F
1-2: Foul Ball, location: 9LMF
1-2: Ground out 1-3 (Groundball, 13S, EV 71.3 MPH)
Batting: RHB Ian Hogan 0-0: Foul Ball, location: 2F
0-1: Called Strike
0-2: Ground out 5-3 (Groundball, 56, EV 105.6 MPH)
Batting: RHB Kirby Hooley 0-0: Ball
1-0: Ball
2-0: Ball
3-0: Called Strike
3-1: Base on Balls
Batting: RHB Pete Vinson 0-0: Fielders Choice at 2nd, 6-4 (Groundball, 6, EV 100.0 MPH)
Bottom of the 3rd over - 0 runs, 0 hits, 0 errors, 1 left on base; Wests 0 - South Sydney 1
TOP OF THE 4TH
Wests Tigers batting - Pitching for South Sydney Rabbitohs : RHP E.J. Gowenlock
Batting: RHB Joel Farrell 0-0: Foul Ball, location: 9LMF
0-1: Foul Ball, location: 25F
0-2: Ground out 1-3 (Groundball, 13S, EV 63.8 MPH)
Batting: LHB Greyson Leeder 0-0: Ball
1-0: Ball
2-0: Called Strike
2-1: Foul Ball, location: 2F
2-2: Ball
3-2: Ground out 5-3 (Groundball, 5, EV 110.0 MPH)
Batting: LHB Daniel Bryan 0-0: Called Strike
0-1: Ball
1-1: Foul Ball, location: 7LDF
1-2: Fly out, F9 (Flyball, 9, EV 92.5 MPH)
Top of the 4th over - 0 runs, 0 hits, 0 errors, 0 left on base; Wests 0 - South Sydney 1
BOTTOM OF THE 4TH
South Sydney Rabbitohs batting - Pitching for Wests Tigers : RHP Joel Glover
Batting: RHB Michael Weyman 0-0: Ground out 6-3 (Groundball, 6M, EV 78.1 MPH)
Batting: RHB Arnie Bartelot 0-0: Ground out 5-3 (Groundball, 56S, EV 91.3 MPH)
Batting: RHB Axel Winson 0-0: Ball
1-0: Fly out, F8 (Line Drive, 8RD, EV 95.6 MPH)
Bottom of the 4th over - 0 runs, 0 hits, 0 errors, 0 left on base; Wests 0 - South Sydney 1
TOP OF THE 5TH
Wests Tigers batting - Pitching for South Sydney Rabbitohs : RHP E.J. Gowenlock
Batting: RHB Joe Minto 0-0: Foul Ball, location: 9LDF
0-1: Ball
1-1: Ball
2-1: Ball
3-1: Ground out 6-3 (Groundball, 56D, EV 100.0 MPH)
Batting: LHB Rapata Kaulo 0-0: Called Strike
0-1: Foul Ball, location: 3DF
0-2: Ball
1-2: Strikes out swinging
Batting: RHB Shane Esmond 0-0: Called Strike
0-1: Swinging Strike
0-2: Ball
1-2: Ball
2-2: Strikes out swinging
Top of the 5th over - 0 runs, 0 hits, 0 errors, 0 left on base; Wests 0 - South Sydney 1
BOTTOM OF THE 5TH
South Sydney Rabbitohs batting - Pitching for Wests Tigers : RHP Joel Glover
Batting: RHB Oliver Trick 0-0: Ball
1-0: Foul Ball, location: 2LF
1-1: Foul Ball, location: 2RF
1-2: Ground out U3 (Groundball, 34, EV 86.3 MPH)
Batting: RHB E.J. Gowenlock 0-0: Called Strike
0-1: Ball
1-1: Foul Ball, location: 2LF
1-2: Ground out 5-3 (Groundball, 56, EV 86.9 MPH)
Batting: LHB Clint Soper 0-0: Ball
1-0: Called Strike
1-1: Foul Ball, location: 2F
1-2: Fly out, F9 (Flyball, 9D, EV 108.8 MPH)
Bottom of the 5th over - 0 runs, 0 hits, 0 errors, 0 left on base; Wests 0 - South Sydney 1
TOP OF THE 6TH
Wests Tigers batting - Pitching for South Sydney Rabbitohs : RHP E.J. Gowenlock
Batting: RHB Paul Llewellyn 0-0: Ground out 5-3 (Groundball, 5, EV 82.5 MPH)
Batting: RHB Joel Glover 0-0: Ball
1-0: Called Strike
1-1: Foul Ball, location: 9LMF
1-2: Foul Ball, location: 2F
1-2: Foul Ball, location: 9LSF
1-2: Foul Ball, location: 9LMF
1-2: Ball
2-2: Ball
3-2: Foul Ball, location: 9LDF
3-2: Strikes out looking
Batting: RHB Luke Fowke 0-0: Ball
1-0: Swinging Strike
1-1: Swinging Strike
1-2: Ball
2-2: Ball
3-2: Strikes out swinging
Top of the 6th over - 0 runs, 0 hits, 0 errors, 0 left on base; Wests 0 - South Sydney 1
BOTTOM OF THE 6TH
South Sydney Rabbitohs batting - Pitching for Wests Tigers : RHP Joel Glover
Batting: RHB Ian Hogan 0-0: SINGLE (Flyball, 8RS, EV 88.1 MPH)
Batting: RHB Kirby Hooley 0-0: Ball
1-0: Called Strike
1-1: Foul Ball, location: 2F
1-2: Ball
2-2: Strikes out looking
Batting: RHB Pete Vinson 0-0: Called Strike
0-1: Ball
1-1: Called Strike
1-2: Grounds into double play, 6-4-3 (Groundball, 6, EV 85.0 MPH)
Bottom of the 6th over - 0 runs, 1 hit, 0 errors, 0 left on base; Wests 0 - South Sydney 1
TOP OF THE 7TH
Wests Tigers batting - Pitching for South Sydney Rabbitohs : RHP E.J. Gowenlock
Batting: RHB Joel Farrell 0-0: Fly out, F8 (Flyball, 8LM, EV 83.1 MPH)
Batting: LHB Greyson Leeder 0-0: Called Strike
0-1: Called Strike
0-2: Strikes out swinging
Batting: LHB Daniel Bryan 0-0: Ball
1-0: SINGLE (Flyball, 6D, EV 84.4 MPH)
Batting: RHB Joe Minto 0-0: Ground out 5-3 (Groundball, 56S, EV 87.5 MPH)
Top of the 7th over - 0 runs, 1 hit, 0 errors, 1 left on base; Wests 0 - South Sydney 1
BOTTOM OF THE 7TH
South Sydney Rabbitohs batting - Pitching for Wests Tigers : RHP Joel Glover
Batting: RHB Michael Weyman 0-0: Ball
1-0: Foul Ball, location: 2F
1-1: Ground out 6-3 (Groundball, 6, EV 103.8 MPH)
Batting: RHB Arnie Bartelot 0-0: Called Strike
0-1: Called Strike
0-2: Foul Ball, location: 9LDF
0-2: Foul Ball, location: 9LSF
0-2: Ground out 5-3 (Groundball, 5, EV 88.8 MPH)
Batting: RHB Axel Winson 0-0: Called Strike
0-1: Swinging Strike
0-2: Ground out 6-3 (Groundball, 6, EV 84.4 MPH)
Bottom of the 7th over - 0 runs, 0 hits, 0 errors, 0 left on base; Wests 0 - South Sydney 1
TOP OF THE 8TH
Wests Tigers batting - Pitching for South Sydney Rabbitohs : RHP E.J. Gowenlock
Batting: LHB Rapata Kaulo 0-0: Ball
1-0: Ball
2-0: Foul Ball, location: 2F
2-1: Called Strike
2-2: Ball
3-2: Foul Ball, location: 25F
3-2: Foul Ball, location: 23FF
3-2: Ground out U3 (Groundball, 3L, EV 102.5 MPH)
Pinch Hitting: LHB Jim Heaver 0-0: Called Strike
0-1: Swinging Strike
0-2: Ground out 6-3 (Groundball, 6M, EV 84.4 MPH)
Batting: RHB Paul Llewellyn 0-0: Ball
1-0: Foul Ball, location: 25FF
1-1: SINGLE (Line Drive, 8RS, EV 86.3 MPH)
Pinch Hitting: RHB Joe Champion 0-0: Ball
1-0: Called Strike
1-1: Ball
2-1: SINGLE (Line Drive, 8RS, EV 98.1 MPH)
Paul Llewellyn to second
Batting: RHB Luke Fowke 0-0: Called Strike
0-1: Ball
1-1: Foul Ball, location: 5FF
1-2: Strikes out swinging
Top of the 8th over - 0 runs, 2 hits, 0 errors, 2 left on base; Wests 0 - South Sydney 1
BOTTOM OF THE 8TH
South Sydney Rabbitohs batting - Pitching for Wests Tigers : RHP Joel Glover
Pitching: RHP Frank Coughlan
Now at 2B: Seth Carmichael
Batting: RHB Oliver Trick 0-0: Foul Ball, location: 2F
0-1: Ball
1-1: Ball
2-1: DOUBLE (Line Drive, 5D, EV 100.0 MPH)
Pinch Hitting: RHB Neil Vanstone 0-0: Ground out 3-1 (Groundball, 34, EV 86.3 MPH)
Oliver Trick to third
Batting: LHB Clint Soper 0-0: Intentional Walk
Batting: RHB Ian Hogan 0-0: Foul Ball, location: 9LSF
0-1: Fly out, F8 (Line Drive, 8RM, EV 106.3 MPH)
Runner from 3rd tags up, SCORES, throw by CF
Batting: RHB Kirby Hooley 0-0: Ball
Clint Soper steals 2nd base
1-0: Foul Ball, location: 23FF
1-1: DOUBLE (Line Drive, 7LD, EV 98.1 MPH)
Clint Soper scores
Batting: RHB Pete Vinson 0-0: Ball
1-0: Ball
2-0: Swinging Strike
2-1: Swinging Strike
2-2: Fly out, F4 (Popup, 4, EV 76.3 MPH)
Bottom of the 8th over - 2 runs, 2 hits, 0 errors, 1 left on base; Wests 0 - South Sydney 3
TOP OF THE 9TH
Wests Tigers batting - Pitching for South Sydney Rabbitohs : RHP E.J. Gowenlock
Pitching: RHP Damion Giles
Batting: RHB Joel Farrell 0-0: Called Strike
0-1: Swinging Strike
0-2: Foul Ball, location: 2F
0-2: Ball
1-2: Foul Ball, location: 25F
1-2: SINGLE (Line Drive, 7LS, EV 85.6 MPH)
Batting: LHB Greyson Leeder 0-0: Called Strike
0-1: Foul Ball, location: 7LSF
0-2: Strikes out swinging
Batting: LHB Daniel Bryan 0-0: Foul Ball, location: 2F
0-1: Swinging Strike
0-2: Ball
1-2: Ball
2-2: Foul Ball, location: 2F
2-2: Foul Ball, location: 2F
2-2: Ball
3-2: Fly out, F9 (Flyball, 9, EV 89.4 MPH)
Batting: RHB Joe Minto 0-0: Called Strike
0-1: Foul Ball, location: 2F
0-2: Ball
1-2: Strikes out swinging
Top of the 9th over - 0 runs, 1 hit, 0 errors, 1 left on base; Wests 0 - South Sydney 3
Monday, April 29th , 2024 - OOTP Baseball 24.9 Build 80